 Dungeon Crawl Stone Soup version 0.20.0-10-g0535bb4 (webtiles) character file.

22483 shmeve the Fighter (level 12, -3/169 HPs)
             Began as a Minotaur Berserker on June 3, 2017.
             Was a High Priest of Trog.
             Slain by a killer bee (5 damage)
             ... on level 13 of the Dungeon.
             The game lasted 00:28:53 (11346 turns).

shmeve the Fighter (Minotaur Berserker)            Turns: 11346, Time: 00:28:54

Health: -3/169     AC: 26    Str: 30    XL:     12   Next: 63%
Magic:  0/11       EV:  2    Int:  9    God:    Trog [*****.]
Gold:   807        SH:  7    Dex: 14    Spells: 11/11 levels left

rFire    . . .     SeeInvis .   w - +0 war axe
rCold    . . .     Gourm    .   q - +0 buckler
rNeg     + + +     Faith    .   (armour currently unavailable)
rPois    +         Spirit   +   (helmet currently unavailable)
rElec    .         Reflect  .   (cloak currently unavailable)
rCorr    .         Harm     .   (gloves currently unavailable)
MR       .....     NoTele   +   (boots currently unavailable)
Stlth    +.........             F - amulet of guardian spirit
Regen    0.4/turn               e - +3 ring of strength
MPRegen  0.2/turn               V - +4 ring of dexterity

@: brilliant, lethally poisoned (-3 -> -4), tree-form (expiring)
A: (retaliatory headbutt)
a: Berserk, Trog's Hand, Brothers in Arms, Burn Spellbooks, Renounce Religion


You were on level 13 of the Dungeon.
You worshipped Trog.
Trog was extremely pleased with you.
You were hungry.
You were a tree.
You visited 1 branch of the dungeon, and saw 13 of its levels.
You also visited: Sewer.

You collected 1023 gold pieces.
You spent 216 gold pieces at shops.

Inventory:

Hand Weapons
 w - a +0 war axe (weapon)
 R - a +3 hand axe of flaming
Armour
 b - the +6 scale mail of Gel Iwuig (melded) {rF++ MP+9}
   (You bought it in a shop on level 6 of the Dungeon)

   It greatly protects you from fire.
   It affects your magic capacity (+9).
 q - a +0 buckler (worn)
 H - a +1 pair of boots (melded)
 M - a +2 pair of gloves (melded)
 S - a scarf of repulsion (melded)
Jewellery
 e - a +3 ring of strength (left branch)
 F - an amulet of guardian spirit (around neck)
 V - a +4 ring of dexterity (right branch)
Wands
 t - a wand of digging (7/24)
 D - a wand of digging (21/24)
 N - a wand of lightning (8/15)
 O - a wand of lightning (8/15)
Scrolls
 h - 12 scrolls of identify
 i - a scroll of immolation
 j - 3 scrolls of fog
 n - 2 scrolls of vulnerability {unknown}
 o - 6 scrolls of teleportation {unknown}
 r - 4 scrolls of amnesia
 s - 4 scrolls of magic mapping {unknown}
 x - 5 scrolls of enchant armour {unknown}
 y - 4 scrolls of fear {unknown}
 B - 5 scrolls of remove curse
 G - a scroll of blinking {unknown}
 I - 2 scrolls of holy word {unknown}
 J - a scroll of enchant weapon {unknown}
 P - a scroll of recharging {unknown}
 Q - a scroll of noise {unknown}
Potions
 a - 7 potions of curing
 d - 6 potions of brilliance
 g - 3 potions of heal wounds {unknown}
 k - a potion of invisibility {unknown}
 l - 5 potions of flight
 p - 4 potions of mutation {unknown}
 v - 5 potions of lignification
 z - 3 potions of haste {unknown}
 C - a potion of cancellation {unknown}
 K - 2 potions of berserk rage {unknown}
 L - 2 potions of might {unknown}
Comestibles
 c - 8 bread rations
 f - 3 royal jellies
 m - 15 fruits
 u - 7 meat rations


   Skills:
 * Level 12.9 Fighting
 * Level 12.9 Axes
 + Level 9.1 Armour
 + Level 8.7 Dodging
 * Level 12.8 Shields


You had 11 spell levels left.
You didn't know any spells.

Dungeon Overview and Level Annotations

Branches:
Dungeon (13/15)            Temple (0/1) D:7            Lair (0/6) D:9
    Orc (0/2) D:9
 Vaults: D:13-14

Altars:
Ashenzari
Fedhas
Nemelex Xobeh
Ru
Sif Muna
Trog
Uskayaw
Zin
Beogh

Shops:
D:6 [[!?   D:8 =

Portals:
Trove: D:12 (give 7 potions of haste)


Innate Abilities, Weirdness & Mutations

((You reflexively headbutt those who attack you in melee.))
((You have a pair of horns on your head.))


Message History

You block the killer bee's attack. The killer bee barely misses you.
You block the killer bee's attack. You block the killer bee's attack.
The killer bee completely misses you.
Your transformation is almost over.
The killer bee stings you but does no damage.
The killer bee stings you.
* * * LOW HITPOINT WARNING * * *
The killer bee stings you but does no damage. x2
The killer bee stings you.
* * * LOW HITPOINT WARNING * * *
The killer bee stings you.
* * * LOW HITPOINT WARNING * * *
You are poisoned.
The killer bee poisons you!
You recover from your berserk rage.
You feel sick. The killer bee stings you.
* * * LOW HITPOINT WARNING * * *
You block the killer bee's attack. The killer bee stings you.
You die...

.........# #.....[...#..##..[
........########.........##..#...
........# %...%#.........###.#./.
........# .%yy#.........# #.'...
####'#### yyy#.........# ###...
#...# yy#####'##### #### #.###
#)# ###.# #(# #y###...# #####
##.####### #yy♣..### #....
#........### ####+##### #....
...........####.......# #....
#.....<..#....).......# #.)..
#........######.......# #####))).
#........# #.......# #..((....
#........# #.......###.###(...
#........# #.......')..# #....
########## #>......##### #####


You could see 3 killer bees.

Vanquished Creatures
  Kirke (D:13)
  A hydra (D:12)
  A centaur warrior (D:13)
  2 two-headed ogres
  An unseen horror (D:13)
  Pikel (D:5)
  A deep elf mage (D:13)
  2 orc knights
  4 ugly things
  A manticore (D:13)
  A gargoyle (D:12)
  A merfolk (D:12)
  A meliai (D:13)
  Prince Ribbit (D:7)
  6 trolls
  2 hippogriffs (D:7)
  Sigmund (D:5)
  3 hogs (D:13)
  11 yaks
  A wyvern (D:12)
  3 hungry ghosts
  Edmund (D:5)
  The ghost of gressup the Chiller, an amateur DEIE (Sewer)
  A water moccasin (D:10)
  Duvessa (D:5)
  16 orc warriors
  4 sky beasts
  A necrophage (D:12)
  2 eyes of draining
  2 ice beasts
  10 ogres
  2 phantoms
  14 centaurs
  2 crocodiles
  2 big kobolds
  4 bullfrogs
  A wyvern zombie (D:8)
  Dowan (D:5)
  4 scorpions
  11 killer bees
  A water moccasin skeleton (D:7)
  5 wights (D:12)
  2 howler monkeys
  An electric eel (D:10)
  6 crimson imps
  A quasit (D:8)
  3 centaur zombies
  12 orc priests
  5 hounds
  A wyvern simulacrum (D:10)
  2 centaur skeletons (D:7)
  2 bullfrog skeletons
  4 jellies
  3 iguanas
  Ijyb (D:3)
  10 orc wizards
  12 worker ants
  2 hound skeletons
  3 gnolls (D:4)
  2 howler monkey skeletons
  7 adders
  9 river rats
  A hound simulacrum (D:10)
  3 shadow imps
  2 white imps (D:10)
  An ooze (D:6)
  An adder zombie (D:9)
  3 adder skeletons
  3 worms
  3 dart slugs
  5 leopard geckos
  76 orcs
  A ball python (D:4)
  2 giant cockroaches (D:5)
  4 goblins
  4 hobgoblins
  11 jackals
  12 kobolds
  9 quokkas
  3 bats
  5 frilled lizards
  24 rats
393 creatures vanquished.

Vanquished Creatures (others)
  An electric eel (D:13)
  A jelly (D:13)
  A jackal skeleton (D:5)
  6 fungi (D:9)
  3 plants (D:9)
12 creatures vanquished.

Grand Total: 405 creatures vanquished

Notes
Turn   | Place    | Note
-------+----------+-------------------------------------------
     0 | D:1      | shmeve the Minotaur Berserker began the quest for the Orb.
     0 | D:1      | Reached XP level 1. HP: 19/19 MP: 0/0
   258 | D:1      | Found a sparkling altar of Nemelex Xobeh.
   436 | D:1      | Reached XP level 2. HP: 27/27 MP: 1/1
  1019 | D:2      | Reached skill level 1 in Shields
  1213 | D:3      | Reached XP level 3. HP: 33/33 MP: 2/2
  1240 | D:3      | Reached ** piety under Trog
  1369 | D:3      | Reached XP level 4. HP: 14/40 MP: 3/3
  1369 | D:3      | HP: 1/40 [orc priest/divine providence (14)]
  1640 | D:3      | Noticed Ijyb
  1650 | D:3      | Killed Ijyb
  1716 | D:3      | Reached XP level 5. HP: 41/46 MP: 4/4
  2551 | D:4      | Found a deep blue altar of Sif Muna.
  2574 | D:4      | Reached XP level 6. HP: 53/53 MP: 5/5
  2682 | D:4      | Reached skill level 5 in Shields
  2742 | D:5      | Entered Level 5 of the Dungeon
  2742 | D:5      | Noticed Duvessa
  2742 | D:5      | Noticed Dowan
  2742 | D:5      | Noticed Edmund
  2745 | D:5      | Reached skill level 5 in Axes
  2748 | D:5      | Killed Duvessa
  2748 | D:5      | Reached skill level 5 in Fighting
  2749 | D:5      | Killed Dowan
  2749 | D:5      | Reached XP level 7. HP: 61/61 MP: 6/6
  2754 | D:5      | Killed Edmund
  2790 | D:5      | Noticed Sigmund
  2798 | D:5      | Killed Sigmund
  2850 | D:5      | Found a glowing drain.
  2909 | D:5      | Reached XP level 8. HP: 58/70 MP: 7/7
  2978 | Sewer    | Entered a sewer
  2986 | Sewer    | Reached *** piety under Trog
  3019 | Sewer    | Noticed gressup's ghost (amateur DEIE)
  3048 | Sewer    | Killed gressup's ghost
  3168 | Sewer    | Found a white marble altar of Elyvilon.
  3297 | D:5      | Noticed Pikel
  3306 | D:5      | Killed Pikel
  3306 | D:5      | Reached skill level 5 in Armour
  3827 | D:6      | Reached **** piety under Trog
  3861 | D:6      | Reached XP level 9. HP: 75/79 MP: 8/8
  4043 | D:6      | Found Doku's Antique Armour Boutique.
  4044 | D:6      | Found Wuoxuvu's Armour Boutique.
  4047 | D:6      | Found Otilio's Magic Scroll Boutique.
  4048 | D:6      | Found Leygg's Distillery.
  4075 | D:6      | Bought a steaming scale mail for 216 gold pieces
  4085 | D:6      | Identified the +6 scale mail of Gel Iwuig {rF++ MP+9} (You bought it in a shop on level 6 of the Dungeon)
  4146 | D:6      | Found a glowing silver altar of Zin.
  4154 | D:6      | Found a shattered altar of Ashenzari.
  4155 | D:6      | Found a sacrificial altar of Ru.
  4180 | D:6      | Reached skill level 5 in Dodging
  4507 | D:6      | Received a gift from Trog
  5207 | D:7      | Noticed Prince Ribbit
  5229 | D:7      | Reached ***** piety under Trog
  5332 | D:7      | Killed Prince Ribbit
  5420 | D:7      | Found a staircase to the Ecumenical Temple.
  5473 | D:7      | Found a bloodstained altar of Trog.
  5481 | D:7      | Reached XP level 10. HP: 63/91 MP: 9/9
  5731 | D:7      | Found a glowing silver altar of Zin.
  5915 | D:8      | Found a blossoming altar of Fedhas.
  5976 | D:8      | Received a gift from Trog
  6011 | D:8      | Found Xeenis's Jewellery Emporium.
  7152 | D:9      | Found a staircase to the Orcish Mines.
  7412 | D:9      | Reached skill level 10 in Axes
  7416 | D:9      | Reached skill level 10 in Shields
  7417 | D:9      | Found a staircase to the Lair.
  7475 | D:9      | Found a hide-covered altar of Uskayaw.
  7607 | D:9      | Reached skill level 10 in Fighting
  7975 | D:10     | Entered Level 10 of the Dungeon
  8258 | D:10     | Reached XP level 11. HP: 49/101 MP: 10/10
  8501 | D:10     | Received a gift from Trog
  8560 | D:10     | Noticed a two-headed ogre
  8570 | D:10     | Killed a two-headed ogre
  8707 | D:10     | Found a roughly hewn altar of Beogh.
  9443 | D:11     | Found a roughly hewn altar of Beogh.
  9443 | D:11     | Noticed an orc knight
  9458 | D:11     | Killed an orc knight
  9500 | D:11     | Noticed a white ugly thing
  9510 | D:11     | Killed a white ugly thing
  9569 | D:12     | Noticed a cyan ugly thing
  9579 | D:12     | Killed a cyan ugly thing
  9612 | D:12     | Found a portal to a secret trove of treasure.
  9775 | D:12     | Reached ****** piety under Trog
  9835 | D:12     | Noticed a seven-headed hydra
  9841 | D:12     | Killed a two-headed hydra
  9887 | D:12     | Noticed a two-headed ogre
  9892 | D:12     | Killed a two-headed ogre
  9930 | D:12     | Noticed a brown ugly thing
  9940 | D:12     | Killed a brown ugly thing
 10216 | D:12     | Received a gift from Trog
 10583 | D:13     | Noticed Kirke
 10592 | D:13     | Reached XP level 12. HP: 112/112 MP: 11/11
 10593 | D:13     | Killed Kirke
 11220 | D:13     | Noticed a centaur warrior
 11226 | D:13     | Killed a centaur warrior
 11228 | D:13     | Received a gift from Trog
 11309 | D:13     | HP: 5/113 [meliai/divine providence (14)]
 11337 | D:13     | HP: 8/169 [killer bee (3)]
 11344 | D:13     | HP: 7/169 [killer bee (2)]
 11345 | D:13     | HP: 2/169 [killer bee (2)]
 11346 | D:13     | Slain by a killer bee

Skill      XL: |  1  2  3  4  5  6  7  8  9 10 11 12 |
---------------+-------------------------------------+-----
Fighting       | 4 5 6 7 9 10 12 | 12.9
Shields        | 1 3 4 5 6 7 9 10 11 12 | 12.8
Axes           | 4 5 6 7 9 10 12 | 12.9
Armour         | 3 4 5 6 7 8 9 |  9.1
Dodging        | 3 4 5 7 8 |  8.7

Action                   |  1- 3 |  4- 6 |  7- 9 | 10-12 || total
-------------------------+-------+-------+-------+-------++-------
Melee: Hand axe          |    49 |       |       |     5 ||    54
       Headbutt          |    11 |     8 |    46 |   132 ||   197
       War axe           |    19 |    63 |   304 |   543 ||   929
Invok: Berserk           |     1 |     2 |     4 |     9 ||    16
       Trog's Hand       |       |     2 |       |     2 ||     4
       Burn Spellbooks   |       |       |       |     3 ||     3
       Brothers in Arms  |       |       |       |     1 ||     1
  Use: Scroll            |       |     4 |       |       ||     4
       Potion            |       |       |       |     4 ||     4
  Eat: Chunk             |     2 |     6 |    12 |    31 ||    51
       Royal jelly       |       |       |     1 |     1 ||     2
Armor: Chain mail        |    51 |    27 |    80 |       ||   158
       Animal skin       |     1 |       |       |       ||     1
       Scale mail        |       |       |    71 |   231 ||   302
       Skin              |       |       |       |    49 ||    49
Dodge: Dodged            |    35 |    38 |   154 |   336 ||   563
       Deflected         |       |       |       |     7 ||     7
Block: Buckler           |       |    19 |    75 |   194 ||   288
